Unix NetHack Version 5.0.0-0 post-release - last build May 23 2026 06:08:33 (1c0ff79ee797540d5714e4e18072db0edd9e58ae,branch:main).

Game began 2026-05-28 22:09:31, ended 2026-05-28 22:17:15.

Ch3Begorrah, chaotic male human Rogue

              ...
              .@.
              ..-

Ch3Begorrah the Footpad  St:16 Dx:18 Co:14 In:9 Wi:7 Ch:9  Chaotic
Dlvl:7  $:73 HP:0(15) Pw:4(4) AC:7  Xp:2 T:1164  Hungry  

Latest messages:
 You find a hidden door.
 The door resists!
 The door opens.
 You see here a red gem.
 y - a red gem.
 You see here a moonstone ring.
 z - a moonstone ring.
 What do you want to name? [a-qs-z or ?*] z
 What do you want to name this moonstone ring? cursed
 You swap places with your kitten.
 The kitten bites the acid blob.
 The kitten bites the acid blob.
 The kitten is splashed by the acid blob's acid!
 The kitten bites the acid blob.
 The acid blob is killed!
 The kitten is splashed by the acid blob's acid!
 You swap places with your kitten.
 You descend the stairs.
 A - a figurine of a gray unicorn.
 The dwarf throws a dagger!
 You are hit by a dagger.
 In what direction? j
 You throw 2 daggers.
 The 1st dagger hits the dwarf!
 The 2nd dagger hits the dwarf.
 In what direction? j
 You throw 2 daggers.
 The 1st dagger hits the dwarf.
 You kill the dwarf!
 Welcome to experience level 2.
 You see here a dagger.
 The kitten picks up a +0 dagger.
 You are beginning to feel hungry.
 g - 2 +0 daggers (at the ready) (6 in total).
 g - a +0 dagger (at the ready) (7 in total).
 You see here a dagger.
 You learn more about your items by comparing them.
 g - a +0 dagger (at the ready) (8 in total).
 You don't have anything to eat.
 You are not wearing any rings.
 The kitten drops a +0 dagger.
 You stop.  Your kitten is in the way!
 You swap places with your kitten.
 g - a +0 dagger (at the ready) (9 in total).
 You hear crashing rock.
 Really step into that hole? [yn] (n) y
 There's a gaping hole under you!
 You fall down a deep shaft!
 You die...
 Do you want your possessions identified? [ynq] (y) q

Inventory:
 Coins    ('$')
  $ - 73 gold pieces
 Weapons  (')')
  b - a +0 dagger (weapon in right hand)
  g - 9 +0 daggers (at the ready)
  a - a +0 short sword (alternate weapon; not wielded)
 Armor    ('[')
  c - an uncursed +1 leather armor (being worn)
 Scrolls  ('?')
  o - an uncursed scroll of amnesia named ok
  t - an uncursed scroll of confuse monster named ok
  x - an uncursed scroll of destroy armor named ok
  i - an uncursed scroll of enchant weapon
  v - an uncursed scroll of gold detection named ok
  h - an uncursed scroll of light named ok
  q - a blessed scroll of punishment named ok
  s - an uncursed scroll of teleportation
 Spellbooks  ('+')
  p - an uncursed spellbook of create monster
  j - an uncursed spellbook of detect food
 Potions  ('!')
  m - 2 uncursed potions of healing
  d - an uncursed potion of sickness
 Rings    ('=')
  z - a cursed ring of hunger named cursed
  k - an uncursed +1 ring of increase accuracy named ok
  w - an uncursed ring of sustain ability named ok
 Wands    ('/')
  l - a wand of slow monster (0:5)
 Tools    ('(')
  f - an empty uncursed sack
  A - an uncursed figurine of a gray unicorn
  e - an uncursed lock pick named B_-
  n - an uncursed magic whistle
  u - an uncursed mirror
 Gems/Stones  ('*')
  y - an uncursed garnet stone

Ch3Begorrah the Rogue's attributes:

Background:
 You were a Footpad, a level 2 male human Rogue.
 You were chaotic, nominally on a mission for Kos
 who was opposed by Issek (lawful) and Mog (neutral).
 You were right-handed.
 You were in the Gnomish Mines, on level 7.
 You entered the dungeon 1164 turns ago.
 It was nighttime.
 You had 29 experience points, 11 more were needed to attain level 3.

Basics:
 You had 0 out of 15 hit points.
 You had all 4 energy points (spell power).
 Your armor class was 7.
 Your wallet contained 73 zorkmids.
 Autopickup was on for '$!/(' plus thrown, with exceptions.

Final Characteristics:
 Your strength was 16 (limit:18/100).
 Your dexterity was 18 (limit:18).
 Your constitution was 14 (limit:18).
 Your intelligence was 9 (limit:18).
 Your wisdom was 7 (limit:18).
 Your charisma was 9 (limit:18).

Final Status:
 You were hungry.
 You were unencumbered.
 You were wielding a dagger.
 You had basic skill with dagger.

Final Attributes:
 You were devoutly aligned.
 You were stealthy.
 You were warded.
 You are dead.

Miscellaneous:
 You didn't encounter any bones levels.
 Total elapsed playing time was 7 minutes and 44 seconds.

Major events:
 Turn
    1: Ch3Begorrah the chaotic male human Rogue entered the dungeon
 1129: entered the Gnomish Mines
 1164: killed by falling down a mine shaft

You didn't know any spells.

Skills:
 Fighting Skills
   bare handed combat [Unskilled]
   two weapon combat  [Unskilled]
   riding             [Unskilled]
 Weapon Skills
   dagger             [Basic]
   knife              [Unskilled]
   short sword        [Basic]
   broadsword         [Unskilled]
   long sword         [Unskilled]
   two-handed sword   [Unskilled]
   saber              [Unskilled]
   club               [Unskilled]
   mace               [Unskilled]
   morning star       [Unskilled]
   flail              [Unskilled]
   hammer             [Unskilled]
   polearms           [Unskilled]
   spear              [Unskilled]
   crossbow           [Unskilled]
   dart               [Unskilled]
   shuriken           [Unskilled]
 Spellcasting Skills
   divination spells  [Unskilled]
   escape spells      [Unskilled]
   matter spells      [Unskilled]

Voluntary challenges:
 Character rerolling was not enabled.
 You followed a strict vegan diet.
 You were an atheist.
 You never genocided any monsters.
 You never polymorphed an object.
 You never changed form.
 You used no wishes.
Achievement:
 You entered the Gnomish Mines.

 The Dungeons of Doom: levels 1 to 4
    Level 1:
    Level 2:
    Level 3:
       An altar.
       Stairs down to The Gnomish Mines.
    Level 4:
 The Gnomish Mines: levels 4 to 7
    Level 4:
    Level 7: <- You were here.
       Final resting place for
          you, killed by falling down a mine shaft.


Vanquished creatures:
  a dwarf
 an acid blob
  3 giant rats
  3 jackals
  a fox
  a sewer rat
  2 grid bugs
  a lichen
  4 newts
17 creatures vanquished.

No species were genocided or became extinct.

Game over:
                       ----------
                      /          \
                     /    REST    \
                    /      IN      \
                   /     PEACE      \
                  /                  \
                  |   Ch3Begorrah    |
                  |      73 Au       |
                  |    killed by     |
                  |  falling down a  |
                  |    mine shaft    |
                  |                  |
                  |       2026       |
                 *|     *  *  *      | *
        _________)/\\_//(\/(/\)/\//\/|_)_______

Goodbye Ch3Begorrah the Rogue...

You died in The Gnomish Mines on dungeon level 7 with 482 points,
and 73 pieces of gold, after 1164 moves.
You were level 2 with a maximum of 15 hit points when you died.

